 Dungeon Crawl Stone Soup version 0.18.1-6-gd335043 (webtiles) character file.

1348 Moloch the Carver (level 8, -3/63 HPs)
             Began as a Black Draconian Fighter on May 19, 2016.
             Was a Follower of Okawaru.
             Killed from afar by a gargoyle (17 damage)
             ... with a stone arrow
             ... on level 7 of the Dungeon.
             The game lasted 00:10:51 (7589 turns).

Moloch the Carver (Black Draconian Fighter)         Turns: 7589, Time: 00:10:52

Health: -3/63      AC:  9    Str: 19    XL:     8   Next: 36%
Magic:  6/8        EV: 14    Int:  9    God:    Okawaru [*.....]
Gold:   266        SH: 11    Dex: 12    Spells: 0 memorised, 7 levels left

rFire  . . .     SeeInvis .     a - +0 long sword
rCold  . . .     Gourm    +     (armour unavailable)
rNeg   . . .     Faith    .     b - +0 shield
rPois  .         Spirit   .     (helmet restricted)
rElec  +         Dismiss  .     y - +0 cloak
rCorr  +         Reflect  .     s - +0 pair of gloves
SustAt .         Harm     .     D - +0 pair of boots
MR     +....                    m - amulet of the gourmand
Stlth  ++........               G - ring of protection from magic
                                e - ring of resist corrosion

@: heroism, somewhat resistant to hostile enchantments, unstealthy
A: breathe lightning, unfitting armour, electricity resistance, cold-blooded, AC
+6
a: Breathe Lightning, Heroism, Renounce Religion


You were on level 7 of the Dungeon.
You worshipped Okawaru.
Okawaru was aware of your devotion.
You were full.

You visited 2 branches of the dungeon, and saw 8 of its levels.
You also visited: Sewer.

You collected 266 gold pieces.

Inventory:

Hand Weapons
 a - a +0 long sword (weapon)
Missiles
 x - 4 tomahawks (quivered)
Armour
 b - a +0 shield (worn)
 s - a +0 pair of gloves (worn)
 y - a +0 cloak (worn)
 D - a +0 pair of boots (worn)
Jewellery
 e - a ring of resist corrosion (left hand)
 m - an amulet of the gourmand (around neck)
 G - a ring of protection from magic (right hand)
 O - an uncursed ring of ice
Wands
 z - a wand of lightning (8/15)
 I - a wand of paralysis (14/24)
 P - a wand of lightning (6/15)
 R - a wand of polymorph (13/24)
Scrolls
 g - 2 scrolls of immolation {unknown}
 h - 4 scrolls of teleportation {unknown}
 o - 4 scrolls of noise {unknown}
 p - 4 scrolls of amnesia {unknown}
 v - 2 scrolls of remove curse {unknown}
 B - a scroll of fog {unknown}
 F - a scroll of brand weapon {unknown}
 H - 4 scrolls of blinking {unknown}
 M - 2 scrolls of identify
 N - a scroll of recharging {unknown}
 Q - a scroll of enchant armour {unknown}
Potions
 c - 2 potions of might
 f - 3 potions of brilliance
 j - a potion of berserk rage {unknown}
 l - a potion of heal wounds
 n - a potion of haste
 u - 2 potions of curing
 w - a potion of cancellation
 A - a potion of beneficial mutation
 C - a potion of degeneration {unknown}
 E - a potion of mutation
 J - a potion of agility
 K - a potion of invisibility
 L - a potion of flight
Comestibles
 d - 6 bread rations
 i - a beef jerky
 k - 2 meat rations
 q - 2 royal jellies
 r - 6 fruits
 t - a slice of pizza


   Skills:
 + Level 3.4(8.4) Fighting
 * Level 10.4(15.4) Long Blades
 + Level 2.6(7.6) Dodging
 - Level 3.0(8.0) Shields


You had 7 spell levels left.
You didn't know any spells.

Dungeon Overview and Level Annotations

Branches:
Dungeon (7/15)             Temple (1/1) D:5

Altars:
Ashenzari
Cheibriados
Dithmenos
Elyvilon
Fedhas
Gozag
Kikubaaqudgha
Makhleb
Nemelex Xobeh
Okawaru
Pakellas
Qazlal
Ru
Sif Muna
Trog
Vehumet
Xom
Yredelemnul
Zin
The Shining One


Innate Abilities, Weirdness & Mutations

You can breathe wild blasts of lightning.
Your glossy black scales are hard (AC +6).
Your body does not fit into most forms of armour.
You are resistant to electric shocks.
You are cold-blooded and may be slowed by cold attacks.


Message History

You are too injured to fight recklessly!
You are too injured to fight recklessly!
You are too injured to fight recklessly!
You are too injured to fight recklessly!
You are too injured to fight recklessly!
You are too injured to fight recklessly!
You are too injured to fight recklessly!
You are too injured to fight recklessly!
You are too injured to fight recklessly!
You are too injured to fight recklessly!
You are too injured to fight recklessly!
You gain the combat prowess of a mighty hero.
You block the gargoyle's attack.
You hit the gargoyle.
The gargoyle is heavily damaged.
You completely miss the gargoyle.
The gargoyle is heavily damaged.
The gargoyle hurls a stone arrow at you.
The stone arrow hits you!
You die...

.........###.....#
..........##.....#
.......[.[##.....#
..........##.....#
....#####..#.....######
.... #....#.#........#
#.. #......#........#
#......#........####
#....@.#........'..#
########9#........##.#
+.?...............##.#
...
#.........##########.#
....
#.9.....>..........#.#
....!####..............#
#.#.#
...Z........###........#
#.#.# ............#
#........# #.#.###
....).......###........#
#.#...#


You could see a gargoyle.

Vanquished Creatures
  A water moccasin (D:5)
  An ice beast (D:6)
  4 centaurs
  A giant frog (D:6)
  3 scorpions
  A crimson imp (D:6)
  Crazy Yiuf (D:3)
  4 iguanas
  Jessica (D:2)
  Terence (D:3)
  4 worker ants
  2 orc wizards
  4 gnolls
  A river rat (D:6)
  7 adders
  6 oozes
  6 worms
  A dart slug (D:1)
  5 giant geckos
  5 orcs
  12 giant cockroaches
  4 goblins
  3 hobgoblins
  6 jackals
  3 quokkas
  2 ball pythons
  14 bats
  4 giant newts
  A jackal zombie (D:6)
  4 kobolds
  10 rats
  2 fungi (D:3)
124 creatures vanquished.

Notes
Turn   | Place    | Note
--------------------------------------------------------------
     0 | D:1      | Moloch the Draconian Fighter began the quest for the Orb.
     0 | D:1      | Reached XP level 1. HP: 19/19 MP: 1/1
   283 | D:1      | Reached XP level 2. HP: 22/26 MP: 2/2
   461 | D:1      | Reached skill level 3 in Long Blades
  1284 | D:2      | Reached XP level 3. HP: 31/31 MP: 3/3
  1369 | D:2      | Reached skill level 4 in Long Blades
  1508 | D:2      | Noticed Jessica
  1515 | D:2      | Killed Jessica
  1515 | D:2      | Reached XP level 4. HP: 24/38 MP: 4/4
  2640 | D:3      | Noticed Terence
  2660 | D:3      | Killed Terence
  2660 | D:3      | Reached skill level 5 in Long Blades
  2920 | D:3      | Reached XP level 5. HP: 34/45 MP: 5/5
  3099 | D:3      | Noticed Crazy Yiuf
  3110 | D:3      | Killed Crazy Yiuf
  3717 | D:3      | Reached skill level 6 in Long Blades
  3929 | D:4      | Reached XP level 6. HP: 45/51 MP: 6/6
  4308 | D:5      | Entered Level 5 of the Dungeon
  4393 | D:5      | Reached skill level 7 in Long Blades
  4485 | D:5      | Found a sacrificial altar of Ru.
  4505 | D:5      | Your scales start taking on a glossy black colour.
  4505 | D:5      | Reached XP level 7. HP: 53/57 MP: 7/7
  4505 | D:5      | Gained mutation: You are resistant to electric shocks. [Black Draconian growth]
  4554 | D:5      | Found a staircase to the Ecumenical Temple.
  4591 | Temple   | Entered the Ecumenical Temple
  4628 | Temple   | Became a worshipper of Warmaster Okawaru
  4939 | D:5      | Reached skill level 8 in Long Blades
  5374 | D:5      | Reached skill level 9 in Long Blades
  5722 | D:6      | Reached * piety under Okawaru
  5776 | D:6      | Found a glowing golden altar of the Shining One.
  5783 | D:6      | Found a shattered altar of Ashenzari.
  5785 | D:6      | Found an opulent altar of Gozag.
  5785 | D:6      | Found a snail-covered altar of Cheibriados.
  5785 | D:6      | Found a shadowy altar of Dithmenos.
  5807 | D:6      | Reached XP level 8. HP: 63/63 MP: 8/8
  5904 | D:6      | Found a glowing drain.
  5911 | Sewer    | Entered a sewer
  6730 | D:6      | Reached skill level 10 in Long Blades
  6908 | D:6      | Found a stormy altar of Qazlal.
  7549 | D:7      | Noticed a gargoyle
  7589 | D:7      | Killed from afar by a gargoyle

Skill      XL: |  1  2  3  4  5  6  7  8 |
---------------+-------------------------+-----
Long Blades    | 3 4 5 6 7 9 10 | 10.4
Fighting       | |  3.4
Dodging        | |  2.6
Shields        | |  3.0

Action                   |  1- 3 |  4- 6 |  7- 9 || total
-------------------------+-------+-------+-------++-------
Melee: Long sword        |    94 |   219 |   308 ||   621
       Tailslap          |     8 |    25 |    49 ||    82
Invok: Heroism           |       |       |     2 ||     2
 Abil: Breathe Lightning |       |       |     1 ||     1
  Use: Potion            |       |       |     3 ||     3
       Scroll            |       |       |     8 ||     8
 Stab: Sleeping          |     1 |       |       ||     1
  Eat: Chunk             |     6 |    14 |     9 ||    29
Armor: Skin              |    35 |    65 |    86 ||   186
Dodge: Dodged            |    44 |    97 |   121 ||   262
Block: Shield            |    53 |   122 |   162 ||   337
